 Dungeon Crawl Stone Soup version 0.17.1-1-g73c8601 (webtiles) character file.

149 lucasterio the Cudgeler (level 5, 0/61 HPs)
             Began as a Demonspawn Berserker on Dec 22, 2015.
             Was a Believer of Trog.
             Slain by a hound (4 damage)
             ... on level 2 of the Dungeon.
             The game lasted 00:03:09 (1856 turns).

lucasterio the Cudgeler (Demonspawn Berserker)      Turns: 1856, Time: 00:03:09

Health: 0/61       AC:  9    Str: 24    XL:     5   Next: 9%
Magic:  5/5        EV:  9    Int:  8    God:    Trog [**....]
Gold:   75         SH:  0    Dex: 16    Spells: 0 memorised, 4 levels left

rFire  . . .     SeeInvis .     g - +0 flail
rCold  . . .     Clarity  .     h - +0 chain mail
rNeg   . . .     SustAt   .     (no shield)
rPois  .         Gourm    .     (no helmet)
rElec  .         Spirit   .     (no cloak)
rCorr  .         Warding  .     (no gloves)
rMut   .         Stasis   .     (no boots)
MR     .....                    (no amulet)
Stlth  ..........               (no ring)
                                (no ring)

@: berserking, lethally poisoned (0 -> -2), very quick, not resistant to hostile
enchantments, extremely unstealthy
A: talons 1, thin skeletal structure 2
a: Berserk, Trog's Hand, Burn Spellbooks, Renounce Religion


You were on level 2 of the Dungeon.
You worshipped Trog.
Trog was pleased with you.
You were hungry.

You visited 1 branch of the dungeon, and saw 2 of its levels.

You collected 75 gold pieces.

Inventory:

Hand Weapons
 a - a +0 mace
 g - a +0 flail (weapon)
Missiles
 m - 5 stones (quivered)
Armour
 d - a +0 leather armour
 h - a +0 chain mail (worn)
Jewellery
 e - a cursed -2 ring of evasion {unknown}
 l - a cursed ring of loudness {unknown}
Scrolls
 f - a scroll of teleportation {unknown}
 i - 3 scrolls of identify {unknown}
 n - a scroll of immolation {unknown}
 q - a scroll of fog {unknown}
Potions
 b - a potion of curing {unknown}
 k - a potion of lignification {unknown}
Comestibles
 c - 2 bread rations
 j - 2 chunks of flesh
 o - a meat ration
 p - 2 slices of pizza


   Skills:
 - Level 3.0 Fighting
 * Level 4.4 Maces & Flails
 + Level 3.2 Armour
 - Level 1.7 Dodging


You had 4 spell levels left.
You didn't know any spells.

Dungeon Overview and Level Annotations

Branches:
Dungeon (2/15)

Altars:


Innate Abilities, Weirdness & Mutations

You have sharp toenails.
You have a moderately thin skeletal structure (Dex +4, Stealth+).


Message History

* * * LOW HITPOINT WARNING * * *
You miss the adder. Your kick misses the adder.
The adder is heavily wounded.
You feel sick. The adder closely misses you.
The centaur hits you but does no damage.
You miss the adder. You claw the adder.
You kill the adder!
Trog accepts your kill.
The centaur hits you but does no damage.
You completely miss the centaur. You claw the centaur!
The centaur is severely wounded.
The hound bites you.
* * * LOW HITPOINT WARNING * * *
The centaur hits you.
* * * LOW HITPOINT WARNING * * *
You barely miss the centaur.
The centaur is severely wounded.
The hound bites you but does no damage. The centaur closely misses you.
The hound bites you.
You die...

#...###### #.# #.##..# ##.## #.#
######.....# #.# #.# #.........##
#.# ####.###.######...# ##'##
#........# #....#.# #...##
#.##.##..# #.##...# .....##
#.##.##..###.###.## # ......##
##.##c##.........)# ##
.......####....h@..####.#...####.
.^.....+....##'##..............'.
.........####.. ####....#...####.
.......###..#.. #..###..##.## ##
......##.#..#.J #..#.##...># #
#.....'†[#..#.. #..#..'.#..#
##'#..##.#.)#.h #).#.##.#..#
#.#...###.†#c. #..###.....#
#.#.....##'# #'##...##.##


You could see a centaur and a hound.

Vanquished Creatures
  Ijyb (D:2)
  Terence (D:2)
  4 adders (D:2)
  3 oozes
  A worm (D:2)
  A ball python (D:1)
  9 bats
  5 giant cockroaches
  6 goblins
  3 hobgoblins
  2 jackals
  3 kobolds (D:2)
  5 giant newts
  4 rats
48 creatures vanquished.

Notes
Turn   | Place    | Note
--------------------------------------------------------------
     0 | D:1      | lucasterio the Demonspawn Berserker began the quest for the Orb.
     0 | D:1      | Reached XP level 1. HP: 18/18 MP: 1/1
    31 | D:1      | You fall through a shaft!
    51 | D:2      | Noticed Terence
    69 | D:2      | Killed Terence
    69 | D:2      | Gained mutation: You have a somewhat thin skeletal structure (Dex +2, Stealth). [demonic ancestry]
    69 | D:2      | Reached XP level 2. HP: 9/24 MP: 2/2
    69 | D:2      | Gained mutation: You have a moderately thin skeletal structure (Dex +4, Stealth+). [demonic ancestry]
    69 | D:2      | Reached XP level 3. HP: 10/29 MP: 3/3
   941 | D:2      | Gained mutation: You have sharp toenails. [demonic ancestry]
   941 | D:2      | Reached XP level 4. HP: 31/35 MP: 4/4
  1013 | D:2      | Reached ** piety under Trog
  1296 | D:2      | Noticed Ijyb
  1301 | D:2      | Killed Ijyb
  1301 | D:2      | Reached skill level 4 in Maces & Flails
  1840 | D:2      | Noticed a centaur
  1840 | D:2      | Noticed a hound
  1846 | D:2      | Reached XP level 5. HP: 36/41 MP: 5/5
  1855 | D:2      | HP: 3/61 [centaur (5)]
  1856 | D:2      | Slain by a hound

Action                   |  1- 3 |  4- 6 || total
-------------------------+-------+-------++-------
Melee: Mace              |    14 |       ||    14
       Flail             |    73 |    79 ||   152
Invok: Berserk           |     1 |     3 ||     4
  Eat: Chunk             |     1 |     5 ||     6
